 Dungeon Crawl Stone Soup version 0.31-a0-325-g067879e3d3 (webtiles) character file.

Game seed: 1848260649185337753

328 RepHenryClay the Ducker (level 6, 0/44 HPs)
             Began as a Merfolk Warper on July 18, 2023.
             Slain by an ogre
             ... wielding a +0 giant club
              (24 damage)
             ... on level 5 of the Dungeon.
             The game lasted 00:06:28 (2929 turns).

RepHenryClay the Ducker (Merfolk Warper)            Turns: 2929, Time: 00:06:29

Health: 0/44       AC:  5    Str: 11    XL:     6   Next: 50%
Magic:  9/9        EV: 18    Int: 13    God:
Gold:   243        SH:  0    Dex: 15    Spells: 9/9 levels left

rFire   . . .        k - +4 war axe
rCold   . . .        (no shield)
rNeg    . . .        q - +0 ring mail
rPois   .            (no helmet)
rElec   .            (no cloak)
rCorr   .            (no gloves)
SInv    .            (no boots)
Will    +....        (no amulet)
Stlth   +            o - ring of willpower
HPRegen 0.27/turn    E - +5 ring of evasion
MPRegen 0.11/turn

%: no passive effects
@: mighty
A: (nimble swimmer 2), mertail
a: no special abilities


You were on level 5 of the Dungeon.
You visited 1 branch of the dungeon, and saw 5 of its levels.

You collected 243 gold pieces.

Inventory:

Hand Weapons
 a - a +0 spear
 i - a +2 bardiche of venom
 k - a +4 war axe (weapon)
 F - a +0 halberd
Missiles
 d - 7 boomerangs of dispersal (quivered)
 z - a throwing net
Armour
 q - a +0 ring mail (worn)
 y - +0 fire dragon scales
Jewellery
 o - a ring of willpower (left hand)
 x - a +6 ring of dexterity
 E - a +5 ring of evasion (right hand)
 J - a ring of wizardry
Talismans
 f - a serpent talisman
Wands
 l - a wand of polymorph (8)
 A - a wand of roots (10)
Scrolls
 c - a scroll of blinking
 e - a scroll of noise
 g - 3 scrolls of identify {@r1}
 m - a scroll of teleportation {unknown}
 p - a scroll of brand weapon {unknown}
 u - 2 scrolls of revelation {unknown}
 v - a scroll of enchant armour {unknown}
 w - a scroll of enchant weapon {unknown}
 C - a scroll of vulnerability {unknown}
 D - a scroll of immolation {unknown}
 G - a scroll of fear {unknown}
 H - a scroll of poison {unknown}
 I - a scroll of amnesia {unknown}
Potions
 b - 2 potions of might
 h - a potion of heal wounds
 j - 2 potions of curing
 n - a potion of magic {unknown}
 r - a potion of haste {unknown}
 s - a potion of brilliance {unknown}
 t - 2 potions of degeneration {unknown}
 B - a potion of invisibility {unknown}
 K - 2 potions of mutation {unknown}


   Skills:
 - Level 2.2 Fighting
 + Level 6.4 Polearms
 - Level 1.0 Throwing
 - Level 0.6 Armour
 + Level 6.4 Dodging
 - Level 2.0 Spellcasting
 - Level 2.4 Translocations


You had 9 spell levels left.
You didn't know any spells.
Your spell library contained the following spells:

 Spells                   Type           Power      Damage    Failure   Level
 Blink                    Tloc           14%        N/A       34%         2
 Lesser Beckoning         Tloc           14%        N/A       34%         2
 Summon Small Mammal      Summ           4%         N/A       52%         1
 Teleport Other           Tloc           7%         N/A       56%         3
 Wereblood                Tmut           1%         N/A       67%         2
 Vhi's Electric Charge    Tloc/Air       8%         N/A       75%         3
 Call Canine Familiar     Summ           1%         N/A       88%         3
 Summon Guardian Golem    Hex/Summ       1%         N/A       88%         3
 Manifold Assault         Tloc           7%         N/A       92%         4
 Irradiate                Conj/Tmut      0%         3d11      100%        5


Dungeon Overview and Level Annotations

Branches:
Dungeon (5/15)
 Temple: D:4-7

Altars:
Fedhas
Gozag
Ru
Sif Muna
Yredelemnul

Annotations:
D:3 3 runed translucent doors, porpoise's ghost, amateur TeHu


Innate Abilities, Weirdness & Mutations

((You are very nimble when in or above water. (Stealth+, EV+, Speed+++)))
Your lower body shifts to a powerful aquatic tail in water.


Message History

The necrophage hits you.
* * * LOW HITPOINT WARNING * * *
You feel drained.
You feel much better. The iguana closely misses you.
The necrophage barely misses you.
You slash the iguana!
The iguana is severely wounded.
You closely miss the necrophage. The iguana completely misses you.
The necrophage barely misses you. The necrophage hits you.
The iguana bites you.
Huge Dmg: -20%(-9hp) hp: 80%(34hp)
You completely miss the iguana.
The iguana is severely wounded.
You slash the necrophage! The iguana misses you.
The necrophage completely misses you.
You barely miss the iguana.
The iguana is severely wounded.
You barely miss the necrophage. The iguana bites you!
The necrophage closely misses you. The necrophage barely misses you.
The iguana barely misses you.
Huge Dmg: -28%(-12hp) hp: 54%(23hp)
You slash the iguana!
You kill the iguana!
You closely miss the necrophage. The necrophage closely misses you.
Your life force feels restored.
You slash the necrophage!
The necrophage is almost destroyed.
The necrophage misses you.
You closely miss the necrophage.
The necrophage is almost destroyed.
The necrophage closely misses you. The necrophage hits you.
Damage: -5%(-2hp) hp: 50%(22hp)
You slash the necrophage!
You destroy the necrophage!
You see here a necrophage corpse.
There is a stone staircase leading down here.
You climb downwards.
The ogre hits you with a +0 giant club!!
Ouch! That really hurt!
You die...

#####.........#
....##......### .#...
...........## .....
...........## ....
............## ##..# #
.##..........## #..# # .
###.........#####..## #
....#.................###
#.....O@(.............##.
##...#......###....#..##.
#..####..### ##..####...
#.# ##.# #..# ##.# #. #.#
#.## ##. # ## ### ##. #.#
###


You could see an ogre.

Vanquished Creatures
  A necrophage (D:4)
  2 jellies
  A sleepcap (D:4)
  An iguana (D:4)
  An orc wizard (D:5)
  4 gnolls (D:3)
  An adder (D:4)
  An adder zombie (D:3)
  A worm (D:4)
  4 dart slugs
  4 orcs
  5 bats
  3 endoplasms
  4 giant cockroaches
  4 hobgoblins
  4 jackals (D:3)
  4 kobolds
  4 quokkas
  8 ball pythons
  A ball python zombie (D:3)
  4 frilled lizards
  5 goblins
  7 rats
74 creatures vanquished.

Notes
Turn   | Place    | Note
-------+----------+-------------------------------------------
     0 | D:1      | RepHenryClay the Merfolk Warper began the quest for the
                  | Orb.
     0 | D:1      | Reached XP level 1. HP: 16/16 MP: 3/3
   472 | D:1      | Reached XP level 2. HP: 19/22 MP: 5/5
   602 | D:1      | Found a faded altar of an unknown god.
   825 | D:2      | Found a shimmering blue altar of Sif Muna.
   874 | D:2      | Reached XP level 3. HP: 27/27 MP: 6/6
  1392 | D:3      | Reached XP level 4. HP: 28/33 MP: 7/7
  1582 | D:3      | Found an opulent altar of Gozag.
  1684 | D:3      | Found a runed translucent gate.
  1684 | D:3      | Found a runed translucent gate.
  1684 | D:3      | Found a runed translucent gate.
  1684 | D:3      | Noticed porpoise's ghost (amateur TeHu)
  1686 | D:3      | Found a basalt altar of Yredelemnul.
  1880 | D:4      | Identified a scroll of acquirement
  1888 | D:4      | Acquired a +2 bardiche of venom
  2094 | D:4      | Reached skill level 5 in Polearms
  2094 | D:4      | Reached skill level 5 in Dodging
  2094 | D:4      | Reached XP level 5. HP: 34/38 MP: 8/8
  2455 | D:4      | Found a blossoming altar of Fedhas.
  2611 | D:5      | Entered Level 5 of the Dungeon
  2717 | D:5      | Found a sacrificial altar of Ru.
  2779 | D:5      | Reached XP level 6. HP: 14/44 MP: 9/9
  2929 | D:5      | Slain by an ogre

Illustrated notes

Levels and vault maps discovered:
D:1:      minmay_arrival_hallway, layout_basic,
          hellmonk_ecumenical_altar_heavens_door
D:2:      layout_basic, basic_altar, hangedman_abyss_or_decor_lesser_grid,
          minmay_misc_feat_cross
D:3:      layout_rooms, nicolae_yredelemnul_ghost_church,
          mainiacjoe_overflow_alcove_1, nicolae_kite_square_tiling_tiny
D:4:      layout_basic, fedhas_altar_decomposition
D:5:      layout_layer_cave, nicolae_ru_great_annihilating_truth, temple_hall,
          serial_shops, shop, nicolae_diamond_shop, shop, minivault_5,
          uniq_duvessa

Skill      XL: |  1  2  3  4  5 |
---------------+----------------+-----
Polearms       | 3 4 5 6 |  6.4
Dodging        | 3 4 5 6 |  6.4
Fighting       | |  2.2
Throwing       | |  1.0
Armour         | |  0.6
Spellcasting   | |  2.0
Translocations | |  2.4

Action                     |  1- 3 |  4- 6 || total
---------------------------+-------+-------++-------
  Melee: Spear             |    36 |       ||    36
         War axe           |    44 |   107 ||   151
         Tailslap          |       |     1 ||     1
    Use: Scroll            |       |     4 ||     4
         Potion            |       |     4 ||     4
   Stab: Paralysed         |       |     3 ||     3
 Armour: Leather armour    |     9 |       ||     9
         Ring mail         |    13 |    33 ||    46
  Dodge: Dodged            |    78 |   105 ||   183
         Form:             |     1 |       ||     1
         Anaconda          |     1 |       ||     1

Table legend: (Time is in decaauts)
 A = Elapsed time spent in this place.
 B = Non-inter-level travel time spent in this place.
 C = Inter-level travel time spent in this place.
 D = Time resting spent in this place.
 E = Time spent auto-exploring this place.
 F = Levels seen in this place.
 G = Mean time per level.
                   A        B        C        D        E       F      G
               +--------+--------+--------+--------+--------+-----+--------+
         Total |   2981 |   2827 |    154 |     61 |   2141 |   5 |  596.2 |
       Dungeon |   2981 |   2827 |    154 |     61 |   2141 |   5 |  596.2 |
               +--------+--------+--------+--------+--------+-----+--------+

Top non-repeatable levels by time:
     D:4: 769 daAuts
     D:1: 762 daAuts
     D:3: 627 daAuts
     D:2: 516 daAuts
     D:5: 306 daAuts
